cohdb
Replays
Latest Replays
All Replays
Popular Replays
Top Player Replays
Match Explorer
How It Works
Community
CoH3 Stats
Reddit
Sign in to upload your games and track your stats! →
Sign in with Steam
Match 42817581
Unlisted
Match 42817581
Overview
Messages
Build Orders
End
Kradschützen Motorcycle Team
Panzergrenadier Squad
Panzergrenadier Squad
Selects Panzerjäger Kommand Battlegroup
250 Light Carrier
Construct Light Support Kompanie
Selects GrB 39 Grenade Launcher Requisition
250 Light Carrier
Combat Half-tracks
Fire Support Elements
Panzerjäger Mechanized Group
Construct Panzerarmee Kommand
250 Light Carrier
Armored Reserves
Selects Mine Fields
Selects Early Warning
Panzerpioneer Squad
Vehicle Survival Package
Selects Butterfly Bomb Drop
Selects Butterfly Bomb Drop
Butterfly Bomb Drop
Panzer III Assault Group
Emergency Repair Kits
Walking Stuka Rocket Launcher
Butterfly Bomb Drop
Panzer IV Assault Group
SpookyWoodenKlown
Puhil
Bake me a Chode
Bran
DrewP
Dillbro
0
0
Comments
sign in to comment!
No comments posted yet!